 Dungeon Crawl Stone Soup version 0.19.0-2-gae57169 (webtiles) character file.

87753 kae the Bludgeoner (level 16, -10/133 HPs)
             Began as a Formicid Fighter on Nov 6, 2016.
             Was the Champion of Okawaru.
             Mangled by a titanic slime creature (89 damage)
             ... on level 13 of the Dungeon.
             The game lasted 00:37:42 (26800 turns).

kae the Bludgeoner (Formicid Fighter)              Turns: 26800, Time: 00:37:42

Health: -10/133    AC: 19    Str: 30    XL:     16   Next: 38%
Magic:  20/21      EV: 17    Int:  9    God:    Okawaru [******]
Gold:   1743       SH: 14    Dex: 13    Spells: 0 memorised, 15 levels left

rFire  + . .     SeeInvis +     a - +6 demon whip (freeze)
rCold  . . .     Gourm    .     y - +2 ring mail {rN+}
rNeg   + . .     Faith    .     c - +0 shield
rPois  +         Spirit   .     (helmet unavailable)
rElec  .         Reflect  .     t - +1 cloak {rPois}
rCorr  .         Harm     .     w - +1 pair of gloves
MR     +....                    l - +0 pair of boots of Juit Zyn {rF+ SInv}
Stlth  ++........               h - amulet of regeneration
                                s - +3 ring of dexterity
                                k - +3 ring of strength

@: heroism
A: permanent stasis, dig shafts and tunnels, four strong arms, antennae 3,
screaming 1
a: Dig, Shaft Self, Heroism, Finesse, Renounce Religion


You were on level 13 of the Dungeon.
You worshipped Okawaru.
Okawaru was exalted by your worship.
You were not hungry.

You visited 4 branches of the dungeon, and saw 22 of its levels.

You collected 2104 gold pieces.
You spent 361 gold pieces at shops.

Inventory:

Hand Weapons
 a - a +6 demon whip of freezing (weapon)
 b - the +9 heavy crossbow "Sniper" {velocity, nevermiss, SInv}
   (You found it on level 6 of the Lair of Beasts)

   Any bolt fired from it inflicts extra damage.
   It lets you see invisible.
 z - a +2 dire flail of venom
 O - a +4 mace of protection
Missiles
 J - 83 bolts
Armour
 c - a +0 shield (worn)
 l - the +0 pair of boots of Juit Zyn (worn) {rF+ SInv}
   (You acquired it on level 6 of the Lair of Beasts)

   It protects you from fire.
   It lets you see invisible.
 t - a +1 cloak of poison resistance (worn)
 w - a +1 pair of gloves (worn)
 y - a +2 ring mail of positive energy (worn)
Jewellery
 h - an amulet of regeneration (around neck)
 k - a +3 ring of strength (left hand)
 s - a +3 ring of dexterity (right hand)
 A - an uncursed ring of magical power
 C - an uncursed ring of poison resistance
 H - an uncursed ring of protection from magic
Wands
 v - a wand of iceblast (11/15)
 x - a wand of iceblast (12/15)
Scrolls
 e - 4 scrolls of amnesia
 g - 4 scrolls of noise
 j - a scroll of remove curse
 m - a scroll of enchant armour
 o - 8 scrolls of identify
 q - a scroll of recharging
 u - a scroll of fear
 E - 5 scrolls of magic mapping
 L - 2 scrolls of fog
 R - a scroll of silence
Potions
 n - a potion of lignification
 B - 3 potions of flight
 F - 3 potions of curing
 I - 2 potions of mutation
 N - 3 potions of might
Books
 p - a book of Callings

   Spells                             Type                      Level
   a - Summon Small Mammal            Summoning                    1
   b - Call Imp                       Summoning                    2
   c - Call Canine Familiar           Summoning                    3
   d - Summon Guardian Golem          Hexes/Summoning              3
   e - Summon Lightning Spire         Summoning/Air                4
   f - Summon Ice Beast               Ice/Summoning                4
Comestibles
 d - 3 meat rations
 f - 15 bread rations
 r - 2 royal jellies
 D - a fruit


   Skills:
 - Level 14.3(19.3) Fighting
 - Level 16.0(21.0) Maces & Flails
 * Level 5.5(10.5) Crossbows
 - Level 14.3(19.3) Armour
 + Level 4.8(9.8) Dodging
 - Level 9.1(14.1) Shields
 - Level 7.3 Invocations
 + Level 5.2 Evocations


You had 15 spell levels left.
You didn't know any spells.

Dungeon Overview and Level Annotations

Branches:
Dungeon (13/15)            Temple (1/1) D:5            Lair (6/6) D:10
 Shoals (0/4) Lair:2       Spider (0/4) Lair:2        Slime (0/5) Lair:5
    Orc (2/2) D:9             Elf (0/3) Orc:2
 Vaults: D:13-14

Altars:
Ashenzari
Cheibriados
Dithmenos
Elyvilon
Fedhas
Gozag
Hepliaklqana
Kikubaaqudgha
Makhleb
Nemelex Xobeh
Okawaru
Qazlal
Ru
Sif Muna
Trog
Uskayaw
Vehumet
Xom
Yredelemnul
Zin
The Shining One

Shops:
D:12 [   Orc:2 (%(?:


Innate Abilities, Weirdness & Mutations

You are under a permanent stasis effect.
You can dig through walls and to a lower floor.
Your four strong arms can wield two-handed weapons with a shield.
You have a pair of large antennae on your head. (SInv)
You occasionally shout uncontrollably at your foes.


Message History

You whack the titanic slime creature! You freeze the titanic slime creature.
The titanic slime creature is severely wounded.
You block the titanic slime creature's attack.
You barely miss the titanic slime creature.
The titanic slime creature is severely wounded.
You whack the titanic slime creature! You freeze the titanic slime creature.
The titanic slime creature is severely wounded.
You block the titanic slime creature's attack.
You thrash the titanic slime creature!! You freeze the titanic slime creature.
The titanic slime creature is almost dead.
You thrash the titanic slime creature!! You freeze the titanic slime creature.
The titanic slime creature is almost dead.
The titanic slime creature barely misses you.
You whack the titanic slime creature! You freeze the titanic slime creature.
The titanic slime creature is almost dead.
You completely miss the titanic slime creature.
The titanic slime creature is almost dead.
The titanic slime creature hits you!!!!
Ouch! That really hurt!
You die...

#.# ##.# #..#
##.## #..#
###'####
#.)....#
#......#######
#......@J....#
#......#####.+
#......#
#......#
#......#
########


You could see a titanic slime creature.

Vanquished Creatures
  Gastronok (Lair:1)
  3 orc warlords (Orc:2)
  4 dire elephants (Lair:6)
  The ghost of Monsterracer the Cleaver, a journeyman MiBe of Trog (D:11)
  Harold (Lair:1)
  Fannar (Lair:1)
  The ghost of azzavlup the Bludgeoner, a novice OgBe of Trog (D:10)
  8 hydras
  An anaconda (Lair:6)
  A catoblepas (Lair:6)
  Erica (D:9)
  A death knight (D:9)
  12 death yaks
  3 orc high priests (Orc:2)
  The ghost of dobroeutro the Cleaver, a novice MiFi of Okawaru (D:7)
  Nergalle (D:10)
  A fire crab (Lair:5)
  6 hill giants
  A lindwurm (Lair:6)
  A phantasmal warrior (D:9)
  4 orc knights (Orc:2)
  An obsidian statue (D:11)
  The ghost of kae the Basher, a novice FoFi of Okawaru (D:6)
  An ugly thing (D:11)
  A manticore (D:12)
  A wolf spider (Lair:2)
  2 cyclopes
  9 orc sorcerers
  8 elephants
  Joseph (D:9)
  2 torpor snails
  5 black mambas
  A gargoyle (D:10)
  3 rime drakes
  17 spiny frogs
  2 centaur skeletons
  11 komodo dragons
  3 freezing wraiths (D:9)
  5 trolls
  A polar bear (Lair:6)
  2 hornets
  A two-headed ogre (D:12)
  6 blink frogs
  A snapping turtle (Lair:2)
  9 hippogriffs
  A wyvern (D:12)
  A wraith (D:10)
  A spriggan (D:7)
  A shadow (D:8)
  A vampire (D:11)
  67 yaks
  Grum (D:9)
  2 basilisks
  2 humans (D:10)
  2 hungry ghosts
  Menkaure (D:5)
  3 wargs
  A soldier ant (D:12)
  9 water moccasins
  10 porcupines
  8 ice beasts
  27 orc warriors
  A black bear (D:8)
  6 phantoms
  3 sky beasts
  9 ogres
  13 wolves
  11 centaurs
  12 crocodiles
  14 bullfrogs
  5 big kobolds
  A wyvern zombie (D:12)
  7 scorpions
  9 wights
  5 killer bees (D:12)
  An electric eel (Lair:2)
  6 howler monkeys
  2 crimson imps
  2 quasits
  A bullfrog zombie (D:9)
  A jelly (D:10)
  18 orc priests
  12 hounds
  27 orc wizards
  2 bullfrog skeletons
  3 iguanas
  6 worker ants
  A killer bee zombie (D:7)
  3 hound skeletons
  2 worker ant zombies
  8 gnolls
  20 adders
  8 shadow imps
  3 oozes
  An adder zombie (D:8)
  An adder skeleton (D:8)
  A worm (D:2)
  3 dart slugs
  8 leopard geckos
  91 orcs
  7 bats
  5 giant cockroaches
  3 goblins
  6 hobgoblins
  22 jackals
  4 quokkas
  2 ball pythons (D:1)
  2 frilled lizards
  29 kobolds
  3 leopard gecko skeletons
  A leopard gecko zombie (D:7)
  A quokka skeleton (D:7)
  10 rats
  6 plants (Lair:6)
714 creatures vanquished.

Vanquished Creatures (others)
  A bush (Lair:6)
  13 fungi
  7 plants (Lair:6)
21 creatures vanquished.

Grand Total: 735 creatures vanquished

Notes
Turn   | Place    | Note
-------+----------+-------------------------------------------
     0 | D:1      | kae the Formicid Fighter began the quest for the Orb.
     0 | D:1      | Reached XP level 1. HP: 18/18 MP: 1/1
   321 | D:1      | Reached XP level 2. HP: 24/24 MP: 2/2
   543 | D:1      | Reached skill level 3 in Maces & Flails
   659 | D:1      | Reached XP level 3. HP: 27/29 MP: 3/3
  1047 | D:2      | Reached skill level 4 in Maces & Flails
  1047 | D:2      | Reached XP level 4. HP: 18/35 MP: 4/4
  1558 | D:2      | Reached XP level 5. HP: 36/41 MP: 5/5
  1666 | D:2      | Reached skill level 5 in Maces & Flails
  2132 | D:2      | Found a basalt altar of Yredelemnul.
  2581 | D:3      | Reached XP level 6. HP: 35/47 MP: 6/6
  2741 | D:3      | Reached skill level 6 in Maces & Flails
  2936 | D:4      | Noticed an ogre
  3188 | D:4      | Found a shattered altar of Ashenzari.
  3426 | D:4      | Killed an ogre
  3426 | D:4      | Reached skill level 7 in Maces & Flails
  3426 | D:4      | Reached XP level 7. HP: 36/52 MP: 7/7
  4052 | D:4      | Reached skill level 8 in Maces & Flails
  4178 | D:4      | Found a sacrificial altar of Ru.
  4210 | D:5      | Entered Level 5 of the Dungeon
  4245 | D:5      | Noticed Menkaure
  4250 | D:5      | Killed Menkaure
  4250 | D:5      | Reached XP level 8. HP: 35/58 MP: 8/8
  4303 | D:5      | Found a staircase to the Ecumenical Temple.
  4307 | Temple   | Entered the Ecumenical Temple
  4465 | Temple   | Became a worshipper of Warmaster Okawaru
  4496 | D:5      | Reached skill level 9 in Maces & Flails
  4994 | D:6      | Found a bloodstained altar of Trog.
  5119 | D:6      | Reached skill level 1 in Invocations
  5186 | D:6      | Noticed kae's ghost (novice FoFi)
  5270 | D:6      | Killed kae's ghost
  5270 | D:6      | Reached * piety under Okawaru
  5270 | D:6      | Reached skill level 10 in Maces & Flails
  5270 | D:6      | Reached XP level 9. HP: 33/64 MP: 11/11
  5747 | D:6      | Found a glowing golden altar of the Shining One.
  6306 | D:7      | Reached skill level 11 in Maces & Flails
  6322 | D:7      | Reached skill level 5 in Invocations
  6464 | D:7      | Noticed a hippogriff
  6496 | D:7      | Killed a hippogriff
  6525 | D:7      | Noticed dobroeutro's ghost (novice MiFi)
  6571 | D:7      | Reached ** piety under Okawaru
  6697 | D:7      | Killed dobroeutro's ghost
  6697 | D:7      | Reached skill level 12 in Maces & Flails
  6697 | D:7      | Reached XP level 10. HP: 14/70 MP: 15/15
  7575 | D:8      | Reached *** piety under Okawaru
  8260 | D:8      | Reached skill level 13 in Maces & Flails
  8261 | D:8      | Found a shadowy altar of Dithmenos.
  8519 | D:9      | Found a basalt altar of Yredelemnul.
  8603 | D:9      | Noticed Grum
  8655 | D:9      | Reached XP level 11. HP: 73/78 MP: 16/16
  8663 | D:9      | Killed Grum
  8663 | D:9      | Reached **** piety under Okawaru
  8753 | D:9      | Noticed Joseph
  8784 | D:9      | Killed Joseph
  8784 | D:9      | Reached skill level 5 in Armour
  8870 | D:9      | Noticed a cyclops
  8891 | D:9      | Killed a cyclops
  8891 | D:9      | Reached skill level 5 in Fighting
  9097 | D:9      | Found a staircase to the Orcish Mines.
  9428 | D:9      | Noticed Erica
  9447 | D:9      | Killed Erica
  9447 | D:9      | Reached skill level 14 in Maces & Flails
  9577 | D:9      | Noticed a phantasmal warrior
  9587 | D:9      | Noticed a death knight
  9594 | D:9      | You fall through a shaft for 3 floors!
  9594 | D:12     | Noticed a hill giant
  9844 | D:12     | Found Eneigosy's Antique Armour Boutique.
  9851 | D:12     | Bought an encrusted cloak for 361 gold pieces
  9856 | D:12     | Identified the cursed +0 cloak "Hofualol" {Int+6} (You bought it in a shop on level 12 of the Dungeon)
  9872 | D:12     | Noticed a six-headed hydra
  9893 | D:12     | Killed a six-headed hydra
 10261 | D:12     | Noticed a hill giant
 10309 | D:12     | Killed a hill giant
 10595 | D:12     | Noticed a hill giant
 10653 | D:12     | Killed a hill giant
 10660 | D:12     | Noticed a cyclops
 10671 | D:12     | Killed a cyclops
 10671 | D:12     | Reached ***** piety under Okawaru
 10671 | D:12     | Reached XP level 12. HP: 91/91 MP: 17/17
 11282 | D:12     | Reached skill level 15 in Maces & Flails
 11535 | D:10     | Entered Level 10 of the Dungeon
 11620 | D:9      | Received a gift from Okawaru
 12182 | D:10     | Noticed azzavlup's ghost (novice OgBe)
 12199 | D:9      | You fall through a shaft for 3 floors!
 12760 | D:11     | Found a blossoming altar of Fedhas.
 13064 | D:11     | Noticed Monsterracer's ghost (journeyman MiBe)
 13223 | D:10     | Noticed Nergalle
 13245 | D:10     | Killed Nergalle
 13862 | D:10     | Found a radiant altar of Vehumet.
 13894 | D:10     | Reached XP level 13. HP: 54/100 MP: 16/18
 14186 | D:9      | You fall through a shaft!
 14317 | D:10     | Found an iron altar of Okawaru.
 14970 | D:10     | Found a staircase to the Lair.
 14993 | D:10     | Received a gift from Okawaru
 15258 | D:10     | Killed azzavlup's ghost
 15258 | D:10     | Reached skill level 16 in Maces & Flails
 15811 | D:9      | Reached skill level 5 in Shields
 16297 | D:11     | Killed Monsterracer's ghost
 16938 | D:11     | Reached skill level 10 in Armour
 17062 | D:12     | Reached skill level 10 in Fighting
 17386 | Lair:1   | Entered Level 1 of the Lair of Beasts
 17482 | Lair:1   | Noticed Harold
 17501 | Lair:1   | Killed Harold
 17571 | Lair:1   | Received a gift from Okawaru
 17745 | Lair:1   | Noticed Gastronok
 17784 | Lair:1   | Killed Gastronok
 17845 | Lair:1   | Noticed Fannar
 17863 | Lair:1   | Killed Fannar
 18193 | Lair:1   | You fall through a shaft!
 18193 | Lair:2   | Found a shadowy altar of Dithmenos.
 18202 | Lair:2   | Found a hole to the Spider Nest.
 18322 | Lair:2   | Reached XP level 14. HP: 56/111 MP: 19/19
 18770 | Lair:2   | Received a gift from Okawaru
 19230 | Lair:2   | Found a staircase to the Shoals.
 21610 | Lair:5   | Found a staircase to the Slime Pits.
 21639 | Lair:5   | Reached ****** piety under Okawaru
 22411 | Lair:6   | Entered Level 6 of the Lair of Beasts
 22464 | Lair:6   | Reached XP level 15. HP: 104/122 MP: 20/20
 22593 | Lair:6   | Received a gift from Okawaru
 23945 | Lair:6   | Identified a scroll of acquirement
 23946 | Lair:6   | Got a pair of faintly glowing boots
 23957 | Lair:6   | Identified the +0 pair of boots of Juit Zyn {rF+ SInv} (You acquired it on level 6 of the Lair of Beasts)
 24029 | Lair:6   | Reached skill level 1 in Evocations
 24036 | Lair:6   | Reached skill level 1 in Dodging
 24040 | Lair:6   | Received a gift from Okawaru
 24904 | Orc:1    | Entered Level 1 of the Orcish Mines
 24970 | Orc:1    | Reached skill level 1 in Crossbows
 25315 | Orc:2    | Entered Level 2 of the Orcish Mines
 25368 | Orc:2    | Noticed an orc warlord
 25410 | Orc:2    | Killed an orc warlord
 25410 | Orc:2    | Reached XP level 16. HP: 112/133 MP: 21/21
 25546 | Orc:2    | Found a staircase to the Elven Halls.
 25797 | Orc:2    | Found Lidin's Book Shop.
 25813 | Orc:2    | Gained mutation: You occasionally shout uncontrollably at your foes. [a neqoxec]
 25938 | Orc:2    | Reached skill level 5 in Evocations
 26225 | Orc:2    | Reached skill level 5 in Crossbows
 26233 | Orc:2    | Found Bashrept's Food Shop.
 26254 | Orc:2    | Found Nilaicem's Magic Scroll Shoppe.
 26260 | Orc:2    | Found Ewalab's Antique Weapon Shoppe.
 26459 | Orc:2    | Found Ustitsan's Antique Weapon Boutique.
 26800 | D:13     | Mangled by a titanic slime creature

Skill      XL: |  1  2  3  4  5  6  7  8  9 10 11 12 13 14 15 16 |
---------------+-------------------------------------------------+-----
Maces & Flails | 3 4 5 7 8 10 12 13 14 15 16 | 16.0
Invocations    | 3 6 7 |  7.3
Armour         | 4 7 8 11 13 14 | 14.3
Fighting       | 4 7 8 10 12 14 | 14.3
Shields        | 7 9 |  9.1
Evocations     | 4 5 |  5.2
Dodging        | 3 4 |  4.8
Crossbows      | 2 5 |  5.5

Action                   |  1- 3 |  4- 6 |  7- 9 | 10-12 | 13-15 | 16-18 || total
-------------------------+-------+-------+-------+-------+-------+-------++-------
Melee: Flail             |    93 |   213 |   331 |  1008 |    42 |       ||  1687
       Demon whip        |       |       |       |       |  1117 |   262 ||  1379
       Mace              |       |       |       |       |    12 |       ||    12
Invok: Heroism           |       |       |     4 |    36 |    20 |     4 ||    64
       Finesse           |       |       |       |       |     1 |       ||     1
 Abil: Dig               |     1 |     4 |     1 |    14 |    13 |     2 ||    35
       Shaft Self        |       |       |       |     2 |     1 |       ||     3
Evoke: Wand              |       |       |       |     4 |       |       ||     4
  Use: Potion            |       |     3 |       |     5 |     1 |     1 ||    10
       Scroll            |       |       |     8 |    12 |    13 |       ||    33
 Stab: Sleeping          |       |       |       |     1 |     1 |       ||     2
       Distracted        |       |       |       |     1 |     1 |       ||     2
  Eat: Chunk             |       |     9 |    11 |    22 |    30 |     5 ||    77
       Bread ration      |       |       |       |     1 |     1 |       ||     2
       Pizza             |       |       |       |     1 |     1 |       ||     2
       Royal jelly       |       |       |       |     1 |       |       ||     1
       Fruit             |       |       |       |       |     3 |       ||     3
Armor: Scale mail        |    28 |    62 |    55 |       |       |       ||   145
       Ring mail         |       |       |    28 |   205 |   201 |    18 ||   452
       Skin              |       |       |       |    25 |     1 |       ||    26
Dodge: Dodged            |    24 |    57 |    91 |   261 |   210 |    49 ||   692
Block: Shield            |    38 |    99 |   121 |   354 |   369 |    61 ||  1042
